 Dungeon Crawl Stone Soup version 0.22-a0-284-g99d1f74 (webtiles) character file.

28 matakusis the Caller (level 3, -3/19 HPs)
             Began as a Deep Elf Summoner on Mar 22, 2018.
             Killed from afar by a white imp (15 damage)
             ... with a puff of frost
             ... summoned by the player character
             ... on level 2 of the Dungeon.
             The game lasted 00:05:08 (1113 turns).

matakusis the Caller (Deep Elf Summoner)            Turns: 1113, Time: 00:05:11

Health: -3/19      AC:  5    Str:  5    XL:     3   Next: 0%
Magic:  3/9        EV: 13    Int: 20    God:
Gold:   85         SH:  0    Dex: 15    Spells: 5/8 levels left

rFire    . . .     SeeInvis .   (no weapon)
rCold    . . .     Gourm    .   (no shield)
rNeg     . . .     Faith    .   a - +0 robe
rPois    .         Spirit   .   (no helmet)
rElec    +         Reflect  .   (no cloak)
rCorr    .         Harm     .   e - +2 pair of gloves
MR       .....                  (no boots)
Stlth    ++........             (no amulet)
HPRegen  0.06/turn              d - ring of flight
MPRegen  0.11/turn              (no ring)

@: very slightly contaminated
A: mutation resistance 1, electricity resistance, subdued magic 1
a: Evoke Flight


You were on level 2 of the Dungeon.
You were not hungry.

You visited 1 branch of the dungeon, and saw 2 of its levels.

You collected 85 gold pieces.

Inventory:

Armour
 a - a +0 robe (worn)
 e - a +2 pair of gloves (worn)
Jewellery
 d - a ring of flight (left hand)
Potions
 b - a potion of resistance {unknown}
 h - a potion of ambrosia {unknown}
 i - a potion of invisibility {unknown}
Comestibles
 c - 3 rations
 f - 5 chunks of flesh


   Skills:
 - Level 2.4 Dodging
 - Level 2.4 Stealth
 + Level 3.4 Spellcasting
 * Level 5.2 Summonings


You had 5 spell levels left.
You knew the following spells:

 Your Spells              Type           Power        Failure   Level  Hunger
a - Summon Small Mammal   Summ           ###.         1%          1    None
b - Call Imp              Summ           ###.....     1%          2    ##.....


Dungeon Overview and Level Annotations

Branches:
Dungeon (2/15)

Altars:

Annotations:
D:2 Ijyb


Innate Abilities, Weirdness & Mutations

You are somewhat resistant to further mutation.
You are resistant to electric shocks. (rElec)
Your spells are a little easier to cast, but a little less powerful.


Message History

Your crimson imp hits the goblin.
Your white imp gestures at you.
The puff of frost hits you!
Unknown command.
You swap places.
The goblin barely misses you.
Your crimson imp closely misses the white imp.
Your white imp gestures at you.
The puff of frost misses you.
Your white imp closely misses Ijyb.
Unknown command.
Your crimson imp hits the goblin.
The goblin dies!
You have reached level 3!
Your experience leads to an increase in your attributes!
Increase (S)trength, (I)ntelligence, or (D)exterity?
You feel clever.
Ijyb hits your white imp but does no damage.
Your white imp gestures at you.
The puff of frost hits you!
Ouch! That really hurt!
You die...

######..########
8.8.8.8....(.....
.................
.................
.................
.......g†........
.....)).5>.......
8.8.8.85†@......# #
######.5######## .##
##..##
..##########..#####
#...................
....................
..........(#########
...........#
...........#


You could see Ijyb, a white imp, a friendly crimson imp and a friendly white
imp.

Vanquished Creatures (collateral kills)
  An adder (D:2)
  An ooze (D:1)
  A giant cockroach (D:2)
  8 goblins
  5 hobgoblins
  4 jackals (D:2)
  6 bats
  2 frilled lizards
  A kobold (D:1)
  3 rats
32 creatures vanquished.

Notes
Turn   | Place    | Note
-------+----------+-------------------------------------------
     0 | D:1      | matakusis the Deep Elf Summoner began the quest for the Orb.
     0 | D:1      | Reached XP level 1. HP: 10/10 MP: 6/6
   540 | D:1      | Reached XP level 2. HP: 15/15 MP: 6/8
   544 | D:1      | Learned a level 2 spell: Call Imp
   955 | D:1      | Gained mutation: You are resistant to electric shocks. (rElec) [potion of mutation]
   955 | D:1      | Gained mutation: You are somewhat resistant to further mutation. [potion of mutation]
   955 | D:1      | Gained mutation: Your spells are a little easier to cast, but a little less powerful. [potion of mutation]
   997 | D:2      | Reached skill level 5 in Summonings
  1101 | D:2      | Noticed Ijyb
  1113 | D:2      | Reached XP level 3. HP: 12/19 MP: 3/9
  1113 | D:2      | Killed from afar by a white imp

Vault maps used:
D:1:      shiori_arrival_elements, minivault_5
D:2:      kennysheep_the_goblin_king, overflow_temple_1_default, minitemple

Skill      XL: |  1  2 |
---------------+-------+-----
Summonings     | 5 |  5.2
Dodging        | |  2.4
Stealth        | |  2.4
Spellcasting   | |  3.4

Action                   || total
-------------------------++-------
 Cast: Summon Small Mamm ||    32
       Call Imp          ||     9
  Use: Scroll            ||     6
       Potion            ||     1
  Eat: Chunk             ||     1
Armor: Robe              ||     3
Dodge: Dodged            ||    12

Table legend:
 A = Spawn XP
 B = Non-spawn XP
 C = Spawn XP percentage of total XP
 D = Spawn monster count
 E = Non-spawn monster count
 F = Spawn count percentage of total count
 G = Total turns spent on level
                    A         B        C        D         E        F      G
               +---------+---------+-------+---------+---------+-------+---------
         Total |       0 |      41 |   0.0 |       0 |      32 |   0.0 |  1113
               +---------+---------+-------+---------+---------+-------+---------
           D:1 |       0 |      18 |   0.0 |       0 |      15 |   0.0 |   983
           D:2 |       0 |      23 |   0.0 |       0 |      17 |   0.0 |   130
               +---------+---------+-------+---------+---------+-------+---------
